AoeStats
← ChaKA

Arena

504601707Analyzed
3v3 RM · 27d ago on Sep 5, 2026· 67m 8s· 6 players
Game mode
Random Map
Map size
Normal (6 player)
Population
200
Speed
Normal
Resources
Standard
Victory
Conquest
Starting age
Dark Age
Ending age
Imperial Age
RankedLock teamsTeams togetherTeam positionsShared explorationLock speedFull tech treeHidden civsTurbo modeCheats
Victory
Defeat
🇦🇷 Khmer · Argentina
975
+13
🇦🇷 Turks · Argentina
951
+14
🇦🇷 Spanish · Argentina
895
+16
🇫🇷 Turks · France
946
-43
🇫🇷 Huns · France
892
-14
🇫🇷 Franks · France
882
-13
Jéhache M.D.
13:01 Feudal Age
17:49 Castle Age
15:45 Double-Bit Axe
17:16 Forging
16:50 Horse Collar
17:03 Gold Mining
19:13 Heavy Plow
21:25 Iron Casting
20:57 Scale Barding Armor
25:04 Chain Barding Armor
26:23 Husbandry
26:34 Bloodlines
32:12 Bow Saw
39:59 Light Cavalry
43:47 Fletching
43:57 Padded Archer Armor
Anva
10:37 Loom
12:23 Feudal Age
17:05 Castle Age
15:26 Double-Bit Axe
18:11 Bow Saw
20:37 Husbandry
21:16 Forging
21:11 Scale Barding Armor
30:59 #83
32:08 Gold Mining
35:27 Imperial Age
33:10 Scale Barding Armor
35:43 Gold Shaft Mining
35:35 Cavalier
36:55 Chain Barding Armor
38:16 Crossbowman
42:35 Iron Casting
42:36 Plate Barding Armor
42:47 Paladin
43:52 Fletching
44:02 Padded Archer Armor
43:59 Capped Ram
50:05 Blast Furnace
49:02 Bodkin Arrow
49:22 Leather Archer Armor
48:36 Light Cavalry
52:52 Chemistry
51:43 Pikeman
52:14 Gambesons
52:31 Squires
52:46 Elite Skirmisher
54:47 Conscription
54:33 Halberdier
Sayan
15:17 Feudal Age
17:00 Horse Collar
19:23 Castle Age
17:15 Double-Bit Axe
17:54 Gold Mining
24:59 Gold Shaft Mining
24:27 Heavy Plow
BRAM
13:22 Feudal Age
11:39 Loom
24:09 Castle Age
23:00 Bloodlines
22:43 Double-Bit Axe
22:40 Horse Collar
22:51 Gold Mining
24:59 Scale Barding Armor
25:06 Forging
25:17 Husbandry
32:20 Chain Barding Armor
32:35 Iron Casting
35:04 Gold Shaft Mining
34:20 Stone Mining
34:44 Bow Saw
35:21 Heavy Plow
39:35 Wheelbarrow
43:05 Imperial Age
40:55 Hand Cart
42:16 Stone Shaft Mining
45:13 Conscription
47:00 Plate Barding Armor
47:26 Blast Furnace
45:53 Cavalier
50:05 Town Watch
50:33 Double Crossbow
49:54 Elite Ballista Elephant
51:16 Fletching
51:57 Light Cavalry
54:06 Bodkin Arrow
54:13 Scale Mail Armor
54:47 Ballistics
54:28 Murder Holes
54:52 Siege Engineers
55:50 Bracer
58:02 Hussar
60:31 Chemistry
59:42 Masonry
ChaKA
8:38 Loom
11:34 Feudal Age
15:27 Castle Age
13:27 Double-Bit Axe
23:05 Imperial Age
27:40 Padded Archer Armor
32:45 Wheelbarrow
54:26 Hand Cart
60:04 Horse Collar
63:16 Fletching
64:52 Capped Ram
runsoft
12:41 Feudal Age
16:45 Castle Age
15:12 Double-Bit Axe
16:41 Horse Collar
17:33 Loom
17:37 Town Watch
17:45 Fletching
23:01 Murder Holes
34:24 Heavy Plow
34:37 Bow Saw
34:20 Gold Mining
35:05 Masonry
36:43 Scale Mail Armor
36:53 Forging
38:06 Pikeman
38:50 Squires
38:37 Gambesons
44:14 Imperial Age
42:23 Wheelbarrow
43:39 Iron Casting
43:20 Chain Mail Armor
46:08 Two-Man Saw
45:06 Stone Mining
51:36 Blast Furnace
51:34 Plate Mail Armor
51:27 Conscription
53:16 Halberdier
54:24 Scale Barding Armor
54:04 Elite Conquistador
56:21 Chain Barding Armor
58:49 Bodkin Arrow
59:30 Plate Barding Armor
59:59 Ballistics
59:23 Capped Ram
65:45 Bloodlines
65:36 Husbandry
65:42 Bracer
65:43 Padded Archer Armor
65:52 Inquisition
67:01 Supremacy
67:47 Chemistry
67:19 Architecture
67:00 Fortified Wall
Connection lost

Rejoining the realm…

Still unreachable

The connection could not be restored.

Session expired

The server has moved on; the page needs a fresh start.